 Dungeon Crawl Stone Soup version 0.18-a0-1764-gf4ddf0b (webtiles) character file.

2594 namelastname112 the Insei (level 9, -7/74 HPs)
             Began as a Pale Draconian Transmuter on Apr 13, 2016.
             Was an Initiate of Makhleb.
             Splashed by Pikel's acid (12 damage)
             ... on level 7 of the Dungeon.
             The game lasted 00:15:08 (7840 turns).

namelastname112 the Insei (DrTm)                    Turns: 7840, Time: 00:15:09

Health: -7/74      AC:  9    Str: 12    XL:     9   Next: 33%
Magic:  12/15      EV: 14    Int: 19    God:    Makhleb [......]
Gold:   225        SH:  0    Dex: 14    Spells: 5 memorised, 5 levels left

rFire  . . .     SeeInvis .       - Unarmed
rCold  . . .     Gourm    .     (armour unavailable)
rNeg   . . .     Faith    .     (shield currently unavailable)
rPois  .         Spirit   .     (helmet restricted)
rElec  .         Dismiss  .     w - +0 cloak
rCorr  .         Reflect  .     (gloves currently unavailable)
SustAt .         Harm     .     B - +0 pair of boots {run}
MR     .....                    (no amulet)
Stlth  +.........               z - +4 ring of intelligence
                                l - ring of wizardry

@: blade hands (expiring), quick, not resistant to hostile enchantments, very
unstealthy
A: breathe steam, unfitting armour, cold-blooded, AC +7
a: Breathe Steam, End Transformation, Renounce Religion


You were on level 7 of the Dungeon.
You worshipped Makhleb.
Makhleb was noncommittal.
You were not hungry.
You had blades for hands.
You visited 2 branches of the dungeon, and saw 8 of its levels.

You collected 364 gold pieces.
You spent 139 gold pieces at shops.

Inventory:

Missiles
 a - 199 arrows
Armour
 w - a +0 cloak (worn)
 B - a +0 pair of boots of running (worn)
 D - a +0 buckler of poison resistance
Jewellery
 l - a ring of wizardry (left scythe-like blade)
 z - a +4 ring of intelligence (right scythe-like blade)
Wands
 I - a wand of confusion (31/48)
Scrolls
 d - 3 scrolls of remove curse
 e - a scroll of amnesia {unknown}
 f - 6 scrolls of teleportation {unknown}
 g - a scroll of random uselessness {unknown}
 i - 7 scrolls of identify {unknown}
 m - a scroll of blinking {unknown}
 o - a scroll of enchant weapon {unknown}
 v - 2 scrolls of noise {unknown}
 A - 2 scrolls of magic mapping {unknown}
 G - a scroll of fear {unknown}
 H - a scroll of recharging {unknown}
Potions
 h - 2 potions of might {unknown}
 k - a potion of ambrosia {unknown}
 p - 2 potions of degeneration {unknown}
 q - 4 potions of heal wounds {unknown}
 r - 3 potions of flight {unknown}
 s - 4 potions of curing {unknown}
 t - 3 potions of haste {unknown}
 u - a potion of agility {unknown}
 x - a potion of magic {unknown}
 C - a potion of cure mutation {unknown}
Books
 b - a book of Changes

   Spells                             Type                      Level
   a - Beastly Appendage              Transmutation                1
   b - Sticks to Snakes               Transmutation                2
   c - Spider Form                    Transmutation/Poison         3
   d - Ice Form                       Ice/Transmutation            4
   e - Blade Hands                    Transmutation                5
 y - a book of Cantrips

   Spells                             Type                      Level
   a - Corona                         Hexes                        1
   b - Animate Skeleton               Necromancy                   1
   c - Summon Small Mammal            Summoning                    1
   d - Apportation                    Translocation                1
 E - a book of Dreams

   Spells                             Type                      Level
   a - Ensorcelled Hibernation        Hexes/Ice                    2
   b - Silence                        Hexes/Air                    5
   c - Darkness                       Hexes                        6
   d - Shadow Creatures               Summoning                    6
 F - a book of Envenomations

   Spells                             Type                      Level
   a - Spider Form                    Transmutation/Poison         3
   b - Olgreb's Toxic Radiance        Poison                       4
   c - Alistair's Intoxication        Transmutation/Poison         5
   d - Poisonous Cloud                Conjuration/Poison/Air       6
Comestibles
 c - 3 bread rations
 j - a meat ration
 n - 2 beef jerkies
 J - a chunk of flesh


   Skills:
 + Level 5.2 Fighting
 + Level 4.3 Dodging
 + Level 3.4 Shields
 * Level 7.0 Unarmed Combat
 + Level 4.5 Spellcasting
 + Level 1.2 Translocations
 - Level 6.8 Transmutations
 + Level 0.2 Invocations


You had 5 spell levels left.
You knew the following spells:

 Your Spells              Type           Power        Failure   Level  Hunger
a - Beastly Appendage     Trmt           ####..       6%          1    None
b - Sticks to Snakes      Trmt           ####....     7%          2    #......
c - Spider Form           Trmt/Pois      ###.......   22%         3    ###....
e - Apportation           Tloc           #.........   21%         1    None
x - Blade Hands           Trmt           ####......   38%         5    ######.


Dungeon Overview and Level Annotations

Branches:
Dungeon (7/15)             Temple (1/1) D:5

Altars:
Ashenzari
Dithmenos
Fedhas
Gozag
Kikubaaqudgha
Makhleb
Nemelex Xobeh
Qazlal
Ru
Sif Muna
Trog
Vehumet
Xom
Yredelemnul
Zin
The Shining One
Lugonu

Shops:
D:4 [   D:6 [

Annotations:
D:7 Pikel


Innate Abilities, Weirdness & Mutations

You can breathe blasts of scalding, opaque steam.
Your pale cyan-grey scales are hard (AC +7).
Your body does not fit into most forms of armour.
You are cold-blooded and may be slowed by cold attacks.


Message History

The slave closely misses you.
Pikel zaps a wand.
The bolt of acid hits you!
The acid burns!
It is a wand of acid.
You take 34 damage, and have 30/74 hp.
MASSIVE DAMAGE!!
You hit the slave but do no damage.
The slave is severely wounded.
The slave misses you.
Pikel zaps a wand.
The bolt of acid misses you.
You slash the slave!
You kill the slave!
That felt strangely unrewarding.
Pikel hits you but does no damage.
You see here a short sword.
Press: ? - help, v - describe, . - travel
Here: Pikel, wielding a whip of freezing, wearing a runed robe and carrying a wand of acid {zapped: 2} The floor.
Your transformation is almost over.
Pikel zaps a wand.
The bolt of acid misses you.
Found a scroll labeled NUEDGH DU ZAGI.
Pikel zaps a wand.
The bolt of acid hits you!
* * * LOW HITPOINT WARNING * * *
The acid burns!
You die...

..≈⌠≈....#[.(...............####8
≈..≈...#.p###...............##._.
⌠§.....##)###...............###.[
§..≈..###pp##...............###≈.
..≈⌠§## ##.##...............#.##'
≈..≈§## #.p##....?........###...
⌠≈....# ##.K##.....#<.....# ##..
≈.....# ##....##########.####..
...##.#########.@................
..###.....#######.(.......##..##.
### #####....## #.........##.....
####..# ##.......)....###
##.###............####
##########..##.........##.....
#..........###.#####.<########
#.........##.....###.##### ##
#.........#.8...8.#......####)


You could see Pikel and a slave.

Vanquished Creatures
  A troll (D:6)
  Grinder (D:6)
  Eustachio (D:5)
  A slave (D:7)
  2 phantoms (D:5)
  A sky beast (D:5)
  5 ogres
  A centaur (D:5)
  4 giant frogs
  2 scorpions
  4 crimson imps
  2 giant frog zombies
  A jelly (D:5)
  An orc priest (D:7)
  4 hounds
  An orc wizard (D:7)
  4 iguanas
  8 worker ants
  A worker ant zombie (D:5)
  3 gnolls (D:3)
  6 adders
  A shadow imp (D:5)
  An ooze (D:5)
  An adder skeleton (D:5)
  5 worms
  3 dart slugs
  A giant gecko (D:3)
  9 orcs
  3 ball pythons
  6 bats
  3 giant cockroaches
  4 goblins
  6 hobgoblins
  16 jackals
  6 kobolds
  2 quokkas
  A giant newt (D:2)
  11 rats
133 creatures vanquished.

Vanquished Creatures (collateral kills)
  An adder (D:2)
  A hobgoblin (D:2)
  2 kobolds (D:2)
4 creatures vanquished.

Vanquished Creatures (others)
  A bat (D:1)
1 creature vanquished.

Grand Total: 138 creatures vanquished

Notes
Turn   | Place    | Note
--------------------------------------------------------------
     0 | D:1      | namelastname112 the Draconian Transmuter began the quest for the Orb.
     0 | D:1      | Reached XP level 1. HP: 16/16 MP: 3/3
   102 | D:1      | Reached XP level 2. HP: 17/23 MP: 3/5
   624 | D:1      | Learned a level 2 spell: Sticks to Snakes
   817 | D:2      | Reached XP level 3. HP: 14/29 MP: 1/6
  1065 | D:2      | Learned a level 3 spell: Spider Form
  1174 | D:2      | Reached XP level 4. HP: 11/36 MP: 1/7
  1203 | D:2      | HP: 1/36 [poisoned by an adder]
  1468 | D:2      | crauler: the shop is a mimic!
  1521 | D:2      | crauler: ska
  1521 | D:2      | namelastname112: лол
  1521 | D:2      | crauler: а это что за чудо?
  1521 | D:2      | namelastname112: а прикинь было бы
  1521 | D:2      | namelastname112: спавнишь такой шоп
  1521 | D:2      | crauler: опять спринт?
  1521 | D:2      | namelastname112: а это мимик
  1521 | D:2      | namelastname112: да
  1521 | D:2      | namelastname112: орб оф электрисити
  1878 | D:2      | Found an ancient bone altar of Kikubaaqudgha.
  2109 | D:3      | crauler: такие то тайлы
  2334 | D:3      | crauler: и в спринте лежат
  2504 | D:3      | Reached XP level 5. HP: 22/41 MP: 8/8
  2676 | D:3      | namelastname112: я еще пару годных знаю
  2676 | D:3      | namelastname112: из спринта
  2997 | D:4      | Reached skill level 4 in Unarmed Combat
  3066 | D:4      | Learned a level 1 spell: Apportation
  3174 | D:4      | Found Nunoj's Antique Armour Emporium.
  3177 | D:4      | Bought a pair of embroidered boots for 139 gold pieces
  3573 | D:4      | Identified a +0 pair of boots of running (You bought it in a shop on level 4 of the Dungeon)
  3576 | D:5      | Entered Level 5 of the Dungeon
  3624 | D:5      | Reached XP level 6. HP: 40/50 MP: 6/10
  3757 | D:5      | Found a blossoming altar of Fedhas.
  4218 | D:5      | Your scales start taking on a pale cyan-grey colour.
  4218 | D:5      | Reached XP level 7. HP: 44/57 MP: 7/11
  4293 | D:5      | Learned a level 5 spell: Blade Hands
  4303 | D:5      | Reached skill level 1 in Shields
  4317 | D:5      | Reached skill level 5 in Unarmed Combat
  4542 | D:5      | Reached skill level 5 in Transmutations
  4990 | D:5      | Found a staircase to the Ecumenical Temple.
  5002 | D:5      | Reached XP level 8. HP: 52/66 MP: 9/13
  5132 | Temple   | Entered the Ecumenical Temple
  5457 | D:6      | Noticed Eustachio
  5671 | D:5      | Killed Eustachio
  5931 | D:6      | Found Ulaw's Armour Emporium.
  5948 | D:6      | Reached skill level 6 in Unarmed Combat
  6097 | D:6      | Noticed a troll
  6964 | D:6      | Killed a troll
  6987 | D:6      | Found a radiant altar of Vehumet.
  7031 | D:6      | Found a shimmering altar of Xom.
  7058 | D:6      | Noticed an air elemental
  7059 | D:6      | Found a stormy altar of Qazlal.
  7059 | D:6      | Noticed Grinder
  7076 | D:6      | Killed Grinder
  7076 | D:6      | Reached XP level 9. HP: 61/73 MP: 11/15
  7246 | D:7      | Reached skill level 5 in Fighting
  7558 | D:7      | Found a burning altar of Makhleb.
  7558 | D:7      | Found a basalt altar of Yredelemnul.
  7577 | D:7      | Became a worshipper of Makhleb the Destroyer
  7600 | D:7      | Found an opulent altar of Gozag.
  7762 | D:7      | Reached skill level 7 in Unarmed Combat
  7762 | D:7      | Reached skill level 1 in Translocations
  7818 | D:7      | Noticed Pikel
  7840 | D:7      | Splashed by Pikel's acid

Vault maps used:
D:1:      mrwooster_arrival_arrow
D:2:      nicolae_overflow_crystal_walls, first_bread
D:4:      serial_shops, kennysheep_mini
D:5:      fedhas_altar_1, minmay_temple_entry_statues_pillars
D:6:      fiery_altar_vehumet, nicolae_qazlal_style_of_elements, serial_shops,
          nicolae_shop_statue_plus, xom_teletrap_fun, uniq_grinder,
          uniq_eustachio
D:7:      gammafunk_temple_overflow_statue, grunt_gozag_statues,
          kennysheep_little_box, cheibriados_altar_1, kennysheep_doodads,
          uniq_pikel
Temple:   corrupted_temple

Skill      XL: |  1  2  3  4  5  6  7  8  9 |
---------------+----------------------------+-----
Dodging        | 2 3 4 |  4.3
Transmutations | 3 4 5 6 |  6.8
Fighting       | 2 3 4 5 |  5.2
Unarmed Combat | 4 5 6 7 |  7.0
Spellcasting   | 3 4 |  4.5
Shields        | 2 3 |  3.4
Translocations | 1 |  1.2
Invocations    | |  0.2

Action                   |  1- 3 |  4- 6 |  7- 9 || total
-------------------------+-------+-------+-------++-------
Melee: Unarmed           |   139 |   268 |   299 ||   706
       Tailslap          |    14 |    20 |    21 ||    55
       Kick              |     1 |       |       ||     1
       Punch             |     1 |     1 |     7 ||     9
 Cast: Beastly Appendage |     1 |       |       ||     1
       Sticks to Snakes  |     6 |       |       ||     6
       Spider Form       |       |    11 |    10 ||    21
       Blade Hands       |       |       |     8 ||     8
 Abil: Breathe Steam     |       |       |     1 ||     1
  Use: Scroll            |       |     1 |       ||     1
  Eat: Chunk             |     1 |    11 |    10 ||    22
       Royal jelly       |       |       |     1 ||     1
       Meat ration       |       |       |     1 ||     1
Armor: Skin              |    47 |    56 |    53 ||   156
Dodge: Dodged            |   110 |   187 |   173 ||   470
